 Dungeon Crawl Stone Soup version 0.21.1-1-g345015f (webtiles) character file.

535 Fang the Chopper (level 7, -4/44 HPs)
             Began as a Gargoyle Berserker on June 11, 2018.
             Was a Priest of Trog.
             Killed by divine providence
             ... invoked by an orc priest
              (15 damage)
             ... on level 4 of the Dungeon.
             The game lasted 00:04:15 (3333 turns).

Fang the Chopper (Gargoyle Berserker)               Turns: 3333, Time: 00:04:16

Health: -4/44      AC: 11    Str: 23    XL:     7   Next: 25%
Magic:  16/16      EV: 12    Int:  7    God:    Trog [***...]
Gold:   207        SH:  0    Dex:  9    Spells: 6/6 levels left

rFire    . . .     SeeInvis .   a - +2 hand axe
rCold    . . .     Gourm    .   (no shield)
rNeg     + . .     Faith    .   b - +0 animal skin
rPois    ∞         Spirit   .   (no helmet)
rElec    +         Reflect  .   e - +1 cloak
rCorr    .         Harm     .   (no gloves)
MR       .....                  d - +1 pair of boots
Stlth    ++........             n - amulet of regeneration
HPRegen  0.54/turn              (no ring)
MPRegen  0.15/turn              l - ring of magical power

@: berserk cooldown, slowed, very slow
A: negative energy resistance 1, electricity resistance, unbreathing,
petrification resistance, rot immunity, AC +4
a: Berserk, Trog's Hand, Burn Spellbooks, Renounce Religion


You were on level 4 of the Dungeon.
You worshipped Trog.
Trog was most pleased with you.
You were not hungry.

You visited 1 branch of the dungeon, and saw 4 of its levels.

You collected 207 gold pieces.

Inventory:

Hand Weapons
 a - a +2 hand axe (weapon)
Armour
 b - a +0 animal skin (worn)
 d - a +1 pair of boots (worn)
 e - a +1 cloak (worn)
Jewellery
 l - a ring of magical power (right hand)
 n - an amulet of regeneration (around neck)
Scrolls
 f - 2 scrolls of identify
 g - a scroll of immolation {unknown}
 h - a scroll of random uselessness {unknown}
Potions
 i - 3 potions of curing
 j - a potion of agility
 k - a potion of cancellation {unknown}
 p - a potion of mutation {unknown}
Comestibles
 c - a ration


   Skills:
 + Level 5.0 Fighting
 + Level 5.5 Axes
 + Level 2.3 Armour
 + Level 2.9 Dodging
 + Level 2.2 Stealth


You had 6 spell levels left.
You didn't know any spells.

Dungeon Overview and Level Annotations

Branches:
Dungeon (4/15)
 Temple: D:4-7

Altars:
Dithmenos

Annotations:
D:4 avis's ghost, novice OpIE


Innate Abilities, Weirdness & Mutations

You are resistant to torment.
Your stone body is resilient. (AC +4)
You are immune to poison.
You resist negative energy. (rN+)
You are resistant to electric shocks. (rElec)
You can survive without breathing.
You are immune to petrification.
You are immune to rotting.


Message History

The orc wizard mumbles some strange words.
The orc wizard blinks!
The ball python completely misses you. The ball python barely misses you.
Avis's ghost hits you.
You are too injured to fight recklessly!
Unknown command.
You closely miss avis's ghost.
Avis's ghost is severely damaged.
You closely miss the ball python. The ball python barely misses you.
The ball python closely misses you. Avis's ghost casts a spell at you.
You are frozen.
* * * LOW HITPOINT WARNING * * *
You hit avis's ghost.
Avis's ghost is severely damaged.
You hit the ball python.
You kill the ball python!
Trog accepts your kill.
The orc priest invokes the aid of Beogh against you.
Beogh smites you!
You die...

## o.
.#### ....
o(#
#.#####YY#
#.#...@WY#
#.#†####.#
#.#.# #
#.#.#
###.#†#
#.#.#.#
#.#..# ##
#†#####
#.#
##....#


You could see 3 ice beasts, an orc priest, an orc wizard and avis's ghost.

Vanquished Creatures
  A phantom (D:4)
  An ogre (D:4)
  A scorpion (D:4)
  A howler monkey (D:4)
  2 orc priests
  Natasha (twice) (D:2)
  A hound skeleton (D:4)
  4 adders
  An ooze (D:3)
  A worm (D:2)
  3 dart slugs
  3 leopard geckos
  10 orcs
  6 bats
  A giant cockroach (D:2)
  7 goblins
  8 hobgoblins
  20 jackals
  10 kobolds
  2 quokkas
  A ball python (D:4)
  2 frilled lizards
  8 rats
96 creatures vanquished.

Notes
Turn   | Place    | Note
-------+----------+-------------------------------------------
     0 | D:1      | Fang the Gargoyle Berserker began the quest for the Orb.
     0 | D:1      | Reached XP level 1. HP: 14/14 MP: 1/1
   210 | D:1      | Reached XP level 2. HP: 19/19 MP: 2/2
   719 | D:1      | Reached XP level 3. HP: 23/23 MP: 3/3
  1000 | D:2      | Reached ** piety under Trog
  1542 | D:2      | Reached XP level 4. HP: 24/29 MP: 4/4
  1555 | D:2      | Found a shadowy altar of Dithmenos.
  1767 | D:2      | Noticed Natasha
  1773 | D:2      | Killed Natasha
  2002 | D:2      | Noticed Natasha
  2009 | D:2      | Killed Natasha
  2009 | D:2      | Reached XP level 5. HP: 33/33 MP: 5/5
  2220 | D:3      | Reached *** piety under Trog
  2834 | D:4      | Noticed a phantom
  2844 | D:4      | Killed a phantom
  2844 | D:4      | Reached skill level 5 in Axes
  2844 | D:4      | Reached XP level 6. HP: 39/39 MP: 6/6
  3132 | D:4      | Reached skill level 5 in Fighting
  3132 | D:4      | Reached XP level 7. HP: 24/44 MP: 7/7
  3162 | D:4      | Noticed avis's ghost (novice OpIE)
  3333 | D:4      | Killed from afar by an orc priest

Skill      XL: |  1  2  3  4  5  6 |
---------------+-------------------+-----
Axes           | 3 4 5 |  5.5
Fighting       | 4 5 |  5.0
Dodging        | 2 |  2.9
Stealth        | 2 |  2.2
Armour         | |  2.3

Action                   |  1- 3 |  4- 6 |  7- 9 || total
-------------------------+-------+-------+-------++-------
Melee: Hand axe          |   111 |   162 |    35 ||   308
Invok: Berserk           |     1 |     4 |     1 ||     6
  Use: Scroll            |       |     9 |       ||     9
 Stab: Sleeping          |       |     1 |     1 ||     2
  Eat: Chunk             |     2 |     9 |       ||    11
       Ration            |       |       |     1 ||     1
Armor: Animal skin       |    46 |    79 |    15 ||   140
Dodge: Dodged            |    74 |   124 |    22 ||   220
